AoeStats
← ForgeableSum

Arabian Desert

509819459Analyzed
1v1 RM · 5d ago on Sep 28, 2026· 53m 31s· 2 players
Game mode
Random Map
Map size
Tiny (2 player)
Population
200
Speed
Normal
Resources
Standard
Victory
Conquest
Starting age
Dark Age
Ending age
Imperial Age
RankedLock teamsTeams togetherTeam positionsShared explorationLock speedFull tech treeHidden civsTurbo modeCheats
Victory
Defeat
🇺🇸 Lithuanians · United States
1451
+15
🇺🇸 Sicilians · United States
1439
-15
ForgeableSum
7:26 Loom
9:21 Feudal Age
23:22 Castle Age
22:45 Scale Mail Armor
24:46 Elite Skirmisher
25:19 Fletching
26:16 Bodkin Arrow
30:43 Double-Bit Axe
36:18 Imperial Age
37:13 Bracer
39:28 Conscription
39:50 Bow Saw
40:07 Crossbowman
40:49 Padded Archer Armor
40:45 Horse Collar
42:42 Pikeman
44:41 Halberdier
45:56 Chain Mail Armor
TeKarino
6:17 Loom
8:57 Feudal Age
9:37 Man-at-Arms
10:54 Arson
17:22 Double-Bit Axe
22:53 Castle Age
22:11 Horse Collar
22:30 Fletching
23:35 Bodkin Arrow
23:04 Crossbowman
26:44 Ballistics
32:58 Bow Saw
36:22 Bloodlines
37:07 Scale Barding Armor
38:43 Chain Barding Armor
39:32 Forging
40:41 Husbandry
46:23 Imperial Age
43:56 Herbal Medicine
44:50 Wheelbarrow
44:12 Town Watch
45:51 Iron Casting
45:45 Masonry
46:04 Fortified Wall
47:13 Hand Cart
47:02 Town Patrol
47:21 Hand Cart
48:08 Two-Man Saw
46:47 Capped Ram
47:14 Cavalier
48:07 Guard Tower
51:19 Plate Barding Armor
Connection lost

Rejoining the realm…

Still unreachable

The connection could not be restored.

Session expired

The server has moved on; the page needs a fresh start.